Map: Frozen Temple

Players

Integral - Winner!

  • Race: Zerg Zerg
  • League: Master

Miszu

  • Race: Protoss Protoss
  • League: Master

VOD

Have the link to the VOD?

Description

Time

  • Played on: June 27, 2016, 6:07 p.m.
  • Length: 20:01
Show
View Real Time Build Order
Export as new Build Order

Integral Zerg - Winner!

Build Orders: Pool First 

Get SALT Encoding   

  12  0:00  Drone  
  13  0:21  Spawning Pool  
  13  0:24  Drone  
  13  0:29  Drone  
  14  0:36  Extractor, Drone  
  15  0:48  Overlord  
  15  1:08  Zergling x6, Queen  
  20  1:19  Zergling x2  
  21  1:30  Hatchery  
  20  1:33  Zergling x2  
  21  1:43  Overlord  
  21  1:52  Drone  
  22  2:02  Queen  
  22  2:03  Drone  
  25  2:15  Drone  
  26  2:16  Drone x3  
  29  2:27  Drone  
  29  2:38  Drone  
  29  2:43  Extractor  
  28  2:44  Extractor  
  28  2:49  Drone x2  
  29  2:55  Drone x4  
  32  3:03  Queen  
  32  3:05  Drone x2  
  34  3:15  Drone x2  
  36  3:25  Overlord  
  36  3:26  Overlord  
  36  3:31  Metabolic Boost  
  36  3:39  Hatchery  
  33  4:01  Drone x3  
  35  4:03  Drone x6  
  35  4:09  Spore Crawler  
  39  4:11  Spore Crawler  
  40  4:20  Lair  
  40  4:21  Drone x2  
  42  4:35  Evolution Chamber x2  
  42  4:36  Drone x4  
  42  4:38  Drone  
  45  4:46  Zergling x6  
  45  4:47  Zergling x4  
  45  4:49  Zergling x2  
  51  5:05  Roach Warren  
  47  5:08  Zergling x8  
  45  5:26  Zerg Missile Weapons Level 1  
  45  5:27  Drone x2  
  42  5:30  Drone  
  42  5:31  Drone  
  41  5:39  Drone x3  
  42  5:57  Drone  
  42  5:58  Drone x5  
  42  5:59  Queen  
  42  6:02  Glial Reconstitution  
  50  6:20  Roach x4  
  50  6:21  Overlord  
  58  6:38  Zerg Ground Armor Level 1  
  58  6:42  Roach x4  
  58  6:44  Overlord x2  
  65  7:13  Drone x3  
  65  7:14  Hatchery  
  67  7:19  Overlord x2  
  67  7:20  Roach  
  67  7:21  Roach x4  
  77  7:23  Roach  
  77  7:29  Drone x2  
  81  7:31  Overlord  
  81  7:39  Extractor  
  81  7:40  Extractor, Spore Crawler  
  81  7:41  Spore Crawler  
  81  7:43  Zerg Missile Weapons Level 2  
  77  7:45  Drone x2  
  79  7:54  Drone x5  
  79  7:55  Drone  
  85  7:59  Roach  
  85  8:00  Roach  
  89  8:06  Roach x2  
  89  8:12  Ravager x3  
  96  8:13  Zergling x4  
  96  8:14  Zergling x4  
  96  8:15  Zergling x2  
  101  8:27  Roach x4  
  106  8:37  Roach x2  
  106  8:40  Drone x7  
  87  8:51  Roach x3  
  87  8:52  Roach  
  91  8:59  Drone x3  
  93  9:07  Drone x4  
  93  9:09  Drone  
  97  9:27  Drone x3  
  97  9:28  Drone x3  
  103  9:31  Extractor  
  103  9:32  Extractor  
  101  9:44  Drone x7  
  101  9:45  Drone x2  
  109  9:46  Drone x2  
  112  9:52  Overlord  
  112  9:53  Overlord x3  
  112  10:04  Overlord x2  
  112  10:07  Hydralisk Den  
  111  10:22  Roach x5  
  111  10:23  Roach x5  
  131  10:31  Drone  
  131  10:32  Drone x7  
  131  10:35  Roach x5  
  138  10:51  Roach x7  
  138  10:52  Roach x2  
  139  11:02  Roach x6  
  149  11:05  Zerg Melee Weapons Level 1  
  149  11:07  Zergling x2  
  150  11:16  Zergling x10  
  150  11:17  Lurker Den, Zergling x4  
  157  11:19  Overlord  
  157  11:21  Extractor  
  157  11:22  Extractor  
  138  11:59  Roach  
  138  12:00  Roach x13  
  151  12:11  Ravager  
  146  12:24  Roach  
  146  12:25  Roach x8  
  164  12:33  Infestation Pit  
  159  12:38  Hydralisk x4  
  159  12:40  Overlord x3  
  167  12:49  Hatchery  
  166  12:54  Overlord x3  
  166  12:55  Zerg Ground Armor Level 2  
  166  13:01  Spore Crawler, Spine Crawler  
  164  13:09  Muscular Augments  
  164  13:10  Hive  
  164  13:11  Zerg Melee Weapons Level 2  
  164  13:12  Hatchery  
  163  13:14  Lurker x2  
  163  13:15  Hydralisk x4, Lurker  
  174  13:26  Zergling x12  
  174  13:27  Zergling x2  
  181  13:33  Spine Crawler  
  180  13:56  Drone, Hatchery  
  180  13:57  Drone x15  
  180  13:58  Drone  
  196  14:09  Extractor  
  195  14:10  Extractor  
  192  14:24  Spine Crawler  
  192  14:30  Spore Crawler  
  190  14:31  Spine Crawler  
  190  14:33  Spine Crawler  
  188  14:42  Hydralisk  
  188  14:43  Hydralisk x4  
  198  14:47  Adrenal Glands  
  198  14:48  Evolution Chamber  
  198  14:52  Spire, Drone x2  
  196  15:08  Hydralisk  
  195  15:25  Lurker  
  195  15:26  Lurker x3  
  199  15:33  Zerg Melee Weapons Level 3, Zerg Ground Armor Level 3, Zerg Missile Weapons Level 3  
  199  15:36  Spine Crawler  
  199  15:37  Spine Crawler  
  199  15:38  Spine Crawler  
  199  15:39  Spine Crawler  
  199  15:40  Spine Crawler  
  194  15:43  Overseer x3  
  185  16:01  Spore Crawler  
  155  16:20  Hydralisk x3  
  155  16:21  Hydralisk x11  
  182  16:33  Overlord x3  
  182  16:35  Pneumatized Carapace  
  96  17:39  Hatchery  
  95  17:45  Roach  
  95  17:46  Roach x11  
  119  18:01  Overseer x2  
  119  18:07  Burrow  
  113  18:16  Drone x3  
  116  18:22  Tunneling Claws  
  116  18:24  Ravager x2  
  116  18:25  Ravager x6  
  116  18:26  Ravager x7  
  129  19:27  Roach x3  
  129  19:28  Roach  
  129  19:29  Roach x7  
  129  19:30  Overlord x3  
  151  19:32  Overlord x2  
Show
View Real Time Build Order
Export as new Build Order

Miszu Protoss 

Build Orders: 1 Gate Expand 

Get SALT Encoding   

  12  0:00  Probe (Chrono Boost)  
  13  0:11  Probe (Chrono Boost)  
  14  0:17  Pylon  
  14  0:22  Probe (Chrono Boost)  
  15  0:36  Probe (Chrono Boost)  
  15  0:42  Gateway  
  16  0:46  Probe (Chrono Boost)  
  17  0:50  Assimilator  
  17  1:13  Nexus  
  17  1:17  Probe (Chrono Boost)  
  18  1:28  Probe (Chrono Boost)  
  18  1:31  Cybernetics Core  
  19  1:39  Probe (Chrono Boost)  
  20  1:42  Assimilator  
  20  1:51  Pylon, Probe (Chrono Boost)  
  21  2:02  Probe (Chrono Boost)  
  22  2:09  Adept (Chrono Boost)  
  22  2:13  Mothership Core  
  26  2:26  Warp Gate (Chrono Boost)  
  26  2:29  Pylon  
  26  2:31  Gateway  
  26  2:32  Gateway  
  26  2:47  Pylon  
  26  2:48  Adept (Chrono Boost)  
  27  3:08  Nexus  
  27  3:09  Probe  
  28  3:21  Probe  
  29  3:29  Adept x2  
  35  3:34  Adept  
  31  4:17  Probe  
  31  4:19  Probe  
  33  4:24  Adept x3  
  33  4:29  Probe x2  
  41  4:40  Probe  
  41  4:41  Probe  
  41  4:44  Nexus  
  43  4:50  Probe  
  44  4:53  Probe  
  45  5:01  Probe  
  45  5:05  Probe  
  47  5:10  Adept x3  
  47  5:11  Probe  
  54  5:22  Probe  
  51  5:33  Adept x3, Probe  
  51  5:35  Probe  
  51  5:42  Robotics Facility  
  51  5:43  Twilight Council  
  51  5:47  Probe  
  52  5:54  Adept  
  54  5:57  Pylon  
  54  6:02  Probe  
  54  6:03  Probe  
  56  6:09  Probe  
  57  6:11  Pylon  
  57  6:12  Pylon, Probe  
  57  6:15  Adept  
  57  6:17  Adept  
  62  6:19  Resonating Glaives (Chrono Boost)  
  62  6:21  Probe x2  
  62  6:23  Probe  
  65  6:30  Observer  
  66  6:33  Probe  
  66  6:35  Gateway  
  66  6:36  Gateway  
  66  6:37  Probe  
  66  6:38  Gateway  
  68  6:48  Gateway  
  68  6:50  Pylon  
  68  6:51  Observer  
  69  6:54  Adept x2  
  69  6:58  Probe  
  69  6:59  Pylon, Probe x2  
  76  7:09  Adept  
  76  7:12  Warp Prism  
  76  7:13  Probe  
  76  7:14  Probe x2  
  83  7:17  Gateway  
  83  7:25  Adept x2  
  87  7:30  Adept  
  89  7:41  Adept x3  
  95  7:51  Adept x3  
  97  7:55  Pylon x2  
  101  8:02  Pylon  
  101  8:03  Pylon  
  101  8:15  Pylon  
  101  8:17  Adept x4  
  101  8:18  Adept, Stalker x2  
  112  8:39  Adept x4  
  112  8:40  Adept x2  
  82  8:53  Adept x2  
  76  9:02  Immortal (Chrono Boost)  
  77  9:09  Sentry  
  71  9:11  Adept x5  
  81  9:26  Stalker x2  
  85  9:35  Stalker x3  
  85  9:36  Adept  
  97  9:38  Immortal (Chrono Boost)  
  91  9:45  Pylon  
  91  9:46  Pylon  
  91  9:47  Probe x2, Assimilator  
  91  9:48  Assimilator  
  91  9:49  Assimilator  
  91  9:50  Adept x3, Assimilator  
  91  9:52  Probe  
  99  9:59  Probe x2  
  102  10:04  Adept  
  102  10:05  Adept x2  
  108  10:13  Immortal (Chrono Boost)  
  112  10:21  Robotics Facility, Adept  
  114  10:22  Stalker  
  114  10:23  Adept x2  
  88  11:02  Immortal (Chrono Boost)  
  88  11:03  Stalker x4  
  88  11:04  Adept x2, Stalker  
  98  11:05  Adept  
  104  11:12  Blink  
  108  11:21  Immortal (Chrono Boost)  
  104  11:37  Sentry, Immortal (Chrono Boost)  
  104  11:38  Sentry x3  
  104  11:39  Adept x3  
  100  12:01  Adept x5  
  104  12:11  Immortal x2 (Chrono Boost)  
  98  12:24  Stalker x3  
  98  12:25  Stalker  
  98  12:27  Adept x3, Zealot  
  110  12:44  Immortal (Chrono Boost)  
  110  12:46  Immortal (Chrono Boost)  
  110  12:48  Stalker x5  
  128  12:58  Pylon  
  128  12:59  Stalker x2  
  132  13:09  Stalker  
  134  13:25  Pylon  
  134  13:26  Stalker  
  136  13:31  Observer (Chrono Boost)  
  136  13:32  Warp Prism (Chrono Boost)  
  139  13:46  Templar Archives  
  139  13:50  Immortal (Chrono Boost)  
  143  13:59  Sentry x4  
  151  14:04  Immortal (Chrono Boost)  
  151  14:06  Nexus  
  152  14:23  Nexus  
  156  14:31  Immortal (Chrono Boost)  
  156  14:38  Immortal (Chrono Boost)  
  154  14:40  Pylon  
  154  14:49  High Templar  
  154  14:50  High Templar  
  158  14:54  Archon  
  158  14:56  Zealot  
  158  15:19  High Templar x2  
  158  15:20  Zealot x3  
  168  15:24  Archon  
  168  15:25  Zealot x2  
  168  15:26  Zealot  
  172  15:40  Zealot  
  172  15:41  Zealot x2  
  160  15:57  Dark Shrine  
  137  16:31  Robotics Facility  
  69  17:26  Robotics Facility  
  67  17:31  Pylon  
  67  17:32  Pylon  
  67  18:22  Pylon  
  67  18:52  Pylon  
  67  19:11  Observer (Chrono Boost)  
  64  19:29  Observer (Chrono Boost)  
Tags
 
Add a new tag
Caveats
  • Supply blocks, unpowered buildings, or Contaminate may cause inaccurate times.
  • Supply counts are checked every 10 seconds.